AoeStats
← Lord Tito

Arena

504355070Analyzed
4v4 RM · 27d ago on Sep 5, 2026· 46m 1s· 8 players
Game mode
Random Map
Map size
Large (8 player)
Population
200
Speed
Normal
Resources
Standard
Victory
Conquest
Starting age
Dark Age
Ending age
Imperial Age
RankedLock teamsTeams togetherTeam positionsShared explorationLock speedFull tech treeHidden civsTurbo modeCheats
Victory
Defeat
🇺🇸 Chinese · United States
1004
+14
🇬🇧 Saracens · United Kingdom
912
+18
🇮🇩 Khitans · Indonesia
893
+18
🇦🇷 Cumans · Argentina
885
+19
🇲🇽 Tupi · Mexico
962
-18
🇨🇦 Khmer · Canada
948
-17
🇲🇽 Mongols · Mexico
943
-17
🇲🇽 Burgundians · Mexico
939
-17
ShakierNutria74
1:26 Loom
2:40 Loom
12:08 Feudal Age
13:33 Horse Collar
17:59 Castle Age
18:33 Double-Bit Axe
23:38 Heavy Plow
25:45 Wheelbarrow
26:03 Stone Mining
26:26 Bow Saw
26:49 Town Watch
27:36 Hand Cart
29:59 Gold Mining
31:01 Caravan
32:11 Fletching
32:21 Padded Archer Armor
35:29 Imperial Age
33:39 Pikeman
34:20 Squires
34:06 Arson
34:24 Bodkin Arrow
36:11 Gold Shaft Mining
38:01 Two-Man Saw
37:13 Halberdier
38:34 Bracer
38:50 Leather Archer Armor
43:42 Ballistics
43:17 Murder Holes
43:21 Elite Blackwood Archer
45:39 Ring Archer Armor
45:21 Forging
45:11 Scale Mail Armor
46:00 Caciques
reyangel141
11:02 Feudal Age
14:49 Castle Age
13:03 Double-Bit Axe
13:48 Loom
13:46 Horse Collar
20:15 Heavy Plow
22:16 Forging
23:19 Wheelbarrow
22:47 Fletching
23:16 Bow Saw
23:59 Murder Holes
25:45 Hand Cart
27:47 Scale Barding Armor
30:26 Imperial Age
27:59 Gold Mining
28:02 Stone Mining
29:33 Gold Shaft Mining
29:36 Stone Shaft Mining
29:44 Chain Barding Armor
29:49 Town Watch
30:08 Nomads
30:26 Bodkin Arrow
30:31 Padded Archer Armor
30:35 Caravan
30:28 Capped Ram
31:34 Conscription
31:53 Elite Mangudai
32:34 Siege Ram
34:09 Drill
35:39 Bracer
35:54 Leather Archer Armor
37:21 Leather Archer Armor
37:34 Ballistics
38:25 Chemistry
37:31 Siege Engineers
37:47 Scale Mail Armor
38:34 Squires
38:57 Pikeman
41:01 Chain Mail Armor
(Quetzal)ODINset
0:58 Loom
7:54 Double-Bit Axe
9:06 Horse Collar
12:34 Feudal Age
11:52 Gold Mining
11:53 Stone Mining
17:36 Castle Age
16:22 Scale Mail Armor
16:31 Heavy Plow
17:36 Bow Saw
19:42 Wheelbarrow
20:38 Two-Man Saw
24:49 Town Watch
28:29 Crop Rotation
28:11 Squires
27:58 Arson
30:35 Chain Mail Armor
30:37 Forging
32:13 Scale Barding Armor
33:21 Stone Shaft Mining
33:23 Gold Shaft Mining
33:34 Iron Casting
36:18 Imperial Age
34:11 Hand Cart
34:17 Hand Cart
34:05 Town Patrol
34:34 Burgundian Vineyards
35:11 Chain Barding Armor
34:42 Fletching
35:32 Coinage
35:16 Guilds
35:23 Light Cavalry
36:04 Husbandry
36:47 Bodkin Arrow
37:14 Ballistics
37:05 Fortified Wall
36:50 Murder Holes
37:41 Banking
36:37 Cavalier
36:43 Hussar
38:14 Conscription
37:15 Elite Coustillier
38:45 Plate Mail Armor
38:51 Plate Barding Armor
39:18 Blast Furnace
38:22 Bracer
43:15 Padded Archer Armor
44:17 Chemistry
43:03 Arrowslits
43:29 Masonry
43:00 Treadmill Crane
SHARP99
2:18 Loom
11:26 Feudal Age
11:58 Double-Bit Axe
11:58 Horse Collar
18:17 Castle Age
16:58 Bloodlines
17:02 Gold Mining
19:12 Bow Saw
19:07 Heavy Plow
28:25 Imperial Age
26:35 Wheelbarrow
27:01 Gold Shaft Mining
26:57 Fletching
28:13 Bodkin Arrow
29:33 Hand Cart
30:30 Chemistry
29:21 Heavy Scorpion
30:56 Bracer
31:56 Crop Rotation
32:18 Padded Archer Armor
32:30 Forging
33:28 Leather Archer Armor
35:12 Stone Mining
36:13 Husbandry
35:34 Light Cavalry
36:59 Ring Archer Armor
36:35 Scale Barding Armor
38:42 Iron Casting
38:48 Chain Barding Armor
38:11 Hussar
41:01 Blast Furnace
40:25 Caravan
41:30 Coinage
41:57 Plate Barding Armor
41:28 Scale Mail Armor
42:06 Conscription
44:22 Banking
thelight00001
0:36 Loom
10:52 Feudal Age
14:59 Castle Age
13:01 Double-Bit Axe
13:02 Horse Collar
22:18 Wheelbarrow
22:31 Bow Saw
24:00 Hand Cart
23:46 Heavy Plow
25:39 Gold Mining
25:39 Stone Mining
28:38 Gold Shaft Mining
28:38 Stone Shaft Mining
31:16 Imperial Age
29:46 Town Watch
30:15 Fortified Wall
30:28 Ballistics
30:11 Padded Archer Armor
30:02 Fletching
31:59 Masonry
32:18 Bodkin Arrow
32:38 Leather Archer Armor
33:01 Elite Chu Ko Nu
33:47 Bracer
33:19 Heavy Rocket Cart
34:37 Ring Archer Armor
34:57 Rocketry
35:26 Conscription
44:20 Chemistry
43:52 Architecture
43:18 Murder Holes
45:49 Great Wall
TerriblePotato
10:58 Feudal Age
11:58 Loom
11:59 Town Watch
12:23 Double-Bit Axe
14:13 Horse Collar
16:59 Castle Age
19:04 Bow Saw
22:07 Fervor
22:08 Stone Mining
25:47 Wheelbarrow
25:23 Heavy Plow
26:52 Hand Cart
28:37 Gold Mining
30:00 Fortified Wall
30:11 Ballistics
30:02 Masonry
32:28 Imperial Age
31:16 Scale Barding Armor
31:22 Forging
31:04 Fletching
33:12 Chain Barding Armor
33:27 Iron Casting
33:29 Treadmill Crane
34:01 Husbandry
34:11 Bloodlines
34:25 Siege Engineers
35:00 Plate Barding Armor
34:21 Bodkin Arrow
34:54 Conscription
34:46 Counterweights
33:57 Elite Mameluke
35:50 Gold Shaft Mining
37:05 Onager
39:45 Siege Onager
44:53 Blast Furnace
Lord Tito
1:53 Loom
10:22 Feudal Age
11:15 Double-Bit Axe
13:56 Horse Collar
18:07 Wheelbarrow
17:50 Man-at-Arms
18:17 Arson
18:36 Scale Mail Armor
21:00 Forging
21:19 Gold Mining
26:06 Castle Age
24:46 Stone Mining
26:09 Pikeman
26:49 Squires
26:17 Long Swordsman
27:36 Iron Casting
27:17 Chain Mail Armor
27:45 Bow Saw
27:40 Heavy Plow
27:23 Capped Ram
29:25 Scale Barding Armor
30:03 Gold Shaft Mining
30:29 Ballistics
30:06 Murder Holes
31:22 Chain Barding Armor
31:35 Bloodlines
32:00 Steppe Husbandry
31:40 Light Cavalry
36:07 Hand Cart
35:56 Elite Skirmisher
36:42 Thumb Ring
40:58 Imperial Age
41:47 Halberdier
43:04 Plate Mail Armor
45:12 Elite Steppe Lancer
._.
1:09 Loom
12:11 Feudal Age
13:04 Double-Bit Axe
13:09 Domestication
18:52 Castle Age
16:48 Gold Mining
16:49 Stone Mining
17:39 Forging
17:57 Scale Mail Armor
19:06 Wheelbarrow
19:52 Bow Saw
21:22 Hand Cart
21:42 Pastoralism
31:13 Lamellar Armor
33:55 Imperial Age
32:46 Squires
32:32 Arson
32:09 Man-at-Arms
32:34 Gambesons
33:09 Chain Mail Armor
33:07 Pikeman
34:01 Capped Ram
34:25 Long Swordsman
35:11 Two-Handed Swordsman
35:16 Siege Ram
36:42 Champion
43:22 Stone Shaft Mining
42:18 Elite Liao Dao
47:02 Iron Casting
Connection lost

Rejoining the realm…

Still unreachable

The connection could not be restored.

Session expired

The server has moved on; the page needs a fresh start.